AoeStats
← shiunny999

Migration

507093702Analyzed
1v1 RM · 14d ago on Sep 16, 2026· 29m 18s· 2 players
Game mode
Random Map
Map size
132×132
Population
200
Speed
Normal
Resources
Standard
Victory
Conquest
Starting age
Dark Age
Ending age
Imperial Age
RankedLock teamsTeams togetherTeam positionsShared explorationLock speedFull tech treeHidden civsTurbo modeCheats
Victory
Defeat
🇦🇷 Japanese · Argentina
919
+15
🇹🇼 Persians · Taiwan
901
-39
shiunny999
12:09 Feudal Age
13:00 Double-Bit Axe
17:10 Wheelbarrow
19:49 Castle Age
21:09 Fletching
21:22 Padded Archer Armor
21:42 Bow Saw
21:09 Pikeman
23:50 Loom
24:38 Squires
26:14 Hand Cart
Larichi
2:43 Loom
11:50 Feudal Age
17:41 Castle Age
15:30 Double-Bit Axe
17:25 Forging
18:44 Gold Mining
19:24 Husbandry
24:56 Fletching
25:35 Bloodlines
28:29 Horse Collar
Connection lost

Rejoining the realm…

Still unreachable

The connection could not be restored.

Session expired

The server has moved on; the page needs a fresh start.